 Dungeon Crawl Stone Soup version 0.31.0-11-ge490571c62 (webtiles) character file.

Game seed: 3879635771433207909

3721 Silvore the Carver (level 9, 0/69 HPs)
             Began as a Demonspawn Fighter on Feb 7, 2024.
             Was a Believer of Okawaru.
             Slain by a two-headed ogre
             ... wielding a +0 giant spiked club
              (19 damage)
             ... on level 9 of the Dungeon on Feb 8, 2024.
             The game lasted 00:13:09 (8906 turns).

Silvore the Carver (Demonspawn Fighter)             Turns: 8906, Time: 00:13:09

Health: 0/69       AC: 18    Str: 20    XL:     9   Next: 92%
Magic:  9/9        EV:  6    Int:  9    God:    Okawaru [**....]
Gold:   687        SH:  5    Dex: 13    Spells: 8/8 levels left

rFire   . . .        a - +1 long sword (venom)
rCold   . . .        c - +0 buckler
rNeg    . . .        j - +0 plate armour
rPois   .            (no helmet)
rElec   .            i - +1 cloak
rCorr   .            (no gloves)
SInv    +            (no boots)
Will    .....        q - amulet of regeneration Stlth
                     A - ring of see invisible
HPRegen 1.11/turn    B - ring of flight
MPRegen 0.11/turn

%: no passive effects
@: flying
A: yellow scales 2, powered by pain 2, weakness stinger 1
a: Renounce Religion, Heroism


You were on level 9 of the Dungeon.
You worshipped Okawaru.
Okawaru was pleased with you.
You visited 2 branches of the dungeon, and saw 10 of its levels.

You collected 687 gold pieces.

Inventory:

Hand Weapons
 a - a +1 long sword of venom (weapon)
Missiles
 F - 2 throwing nets (quivered)
Armour
 b - a +0 scale mail
 c - a +0 buckler (worn)
 i - a +1 cloak (worn)
 j - a +0 plate armour (worn)
Jewellery
 e - a ring of magical power
 p - an amulet of guardian spirit
 q - an amulet of regeneration (around neck)
 u - a ring of wizardry
 w - a ring of protection from fire
 A - a ring of see invisible (left hand)
 B - a ring of flight (right hand)
Wands
 g - a wand of paralysis (2)
 h - a wand of polymorph (3)
 z - a wand of roots (12)
Scrolls
 l - 4 scrolls of identify
 o - a scroll of enchant armour
 r - 2 scrolls of brand weapon
 t - a scroll of amnesia
 v - a scroll of vulnerability
 y - 3 scrolls of teleportation
 D - a scroll of acquirement
 E - a scroll of immolation
 G - a scroll of poison
Potions
 d - 2 potions of might
 f - 2 potions of magic
 k - 2 potions of curing
 m - a potion of mutation
 n - 4 potions of lignification
 s - 2 potions of attraction
 x - a potion of brilliance
 C - a potion of berserk rage


   Skills:
 + Level 6.2 Fighting
 + Level 9.0 Long Blades
 + Level 7.2 Armour
 + Level 1.9 Dodging
 + Level 1.7 Stealth
 + Level 4.9 Shields


You had 8 spell levels left.
You didn't know any spells.
Your spell library contained the following spells:

 Spells                   Type           Power      Damage    Failure   Level
 Sandblast                Erth           0%         2d4       100%        1
 Lesser Beckoning         Tloc           0%         N/A       100%        2
 Scorch                   Fire           0%         2d5       100%        2
 Gell's Gravitas          Tloc           0%         N/A       100%        3
 Passwall                 Erth           0%         N/A       100%        3
 Stone Arrow              Conj/Erth      0%         3d7       100%        3
 Teleport Other           Tloc           0%         N/A       100%        3
 Brom's Barrelling Bould  Conj/Erth      0%         2d3       100%        4
 Flame Wave               Conj/Fire      0%         2d4       100%        4
 Summon Cactus Giant      Summ           Unusable   N/A       N/A         6

Dungeon Overview and Level Annotations

Branches:
Dungeon (9/15)             Temple (1/1) D:5            Lair (0/5) D:9
    Orc: D:9-12

Altars:
Ashenzari
Cheibriados
Dithmenos
Fedhas
Gozag
Hepliaklqana
Kikubaaqudgha
Makhleb
Nemelex Xobeh
Okawaru
Qazlal
Ru
Sif Muna
Trog
Uskayaw
Vehumet
Wu Jian
Xom
Yredelemnul

Shops:
D:4 **   D:5 :   D:8 *


Innate Abilities, Weirdness & Mutations

You are mostly covered in yellow scales. (AC +3)
You sometimes gain power by taking damage.
You have a small tail.


Message History

You reach down and open the door.
There is an open door here.
l - 4 scrolls of identify (gained 1)
There is an open door here.
There is an open door here.
There is an open door here.
You see here a +0 cloak.
A two-headed ogre comes into view.
It is wielding a +0 giant spiked club and a +0 dire flail.
The two-headed ogre hits you but does no damage.
The two-headed ogre hits you with a +0 dire flail.
You hit the two-headed ogre.
The two-headed ogre is lightly wounded.
The two-headed ogre hits you with a +0 giant spiked club!
The two-headed ogre hits you but does no damage.
You hit the two-headed ogre.
The two-headed ogre is poisoned.
The two-headed ogre is lightly wounded.
You slash the two-headed ogre!
The two-headed ogre looks as sick as possible!
The two-headed ogre is moderately wounded.
The two-headed ogre hits you with a +0 giant spiked club!
The two-headed ogre closely misses you.
You hit the two-headed ogre but do no damage.
The two-headed ogre is moderately wounded.
You hit the two-headed ogre.
The two-headed ogre is heavily wounded.
The two-headed ogre barely misses you.
The two-headed ogre hits you but does no damage.
Unknown command.
You hit the two-headed ogre but do no damage.
The two-headed ogre looks as sick as possible!
The two-headed ogre is heavily wounded.
The two-headed ogre hits you with a +0 giant spiked club!!
The two-headed ogre hits you with a +0 dire flail!
* * * LOW HITPOINT WARNING * * *
You barely miss the two-headed ogre.
The two-headed ogre is heavily wounded.
Unknown command.
The two-headed ogre attacks as it pursues you!
The two-headed ogre hits you with a +0 giant spiked club!!
You die...

.########'##########'#######'##..
......<........#.........#.......
...............#.........#.......
...............#.........#.......
...............#.........#.......
...............#.........#.......
####.#########.####.....####.##..
..##.# #...#######.....#########
.....# .......O@................
.....# .........................
.....# .........................
##'########+###..##..#######.....
#......# ##..##..##...#######
#......# #............#......
'......# .'............#......
#......... .#............#......
#......... ####....##...##....#


You could see a two-headed ogre (extremely poisoned).

Vanquished Creatures
  A deep elf pyromancer (D:8)
  2 hornets (D:9)
  Sigmund (D:2)
  A fire bat (D:5)
  2 wyverns (D:8)
  An acid dragon (D:9)
  An ice beast (D:6)
  2 black bears
  An orc warrior (D:6)
  An ogre (D:5)
  2 centaurs
  A kobold brigand (D:7)
  4 bullfrogs
  A gnoll sergeant (D:9)
  3 scorpions
  2 howler monkeys (D:9)
  4 orc priests
  2 jellies
  5 hounds
  A gnoll bouda (D:6)
  3 sleepcaps
  Terence (D:2)
  4 orc wizards
  12 gnolls
  9 adders
  2 shadow imps
  4 white imps
  4 ufetubi (D:6)
  A ribbon worm (D:2)
  7 dart slugs
  25 orcs
  11 endoplasms
  3 giant cockroaches
  9 hobgoblins
  14 jackals
  7 quokkas
  3 ball pythons
  6 bats
  4 frilled lizards
  5 goblins
  12 kobolds
  6 rats
190 creatures vanquished.

Vanquished Creatures (others)
  An orc wizard (D:4)
1 creature vanquished.

Grand Total: 191 creatures vanquished

Notes
Turn   | Place    | Note
-------+----------+-------------------------------------------
     0 | D:1      | Silvore the Demonspawn Fighter began the quest for the Orb.
     0 | D:1      | Reached XP level 1. HP: 18/18 MP: 1/1
    69 | D:1      | Gained mutation: You have a small tail. [demonic ancestry]
    69 | D:1      | Reached XP level 2. HP: 10/24 MP: 2/2
   193 | D:1      | Found a faded altar of an unknown god.
   281 | D:1      | Reached skill level 2 in Long Blades
   402 | D:1      | Gained mutation: You are partially covered in yellow
                  | scales. (AC +2) [demonic ancestry]
   402 | D:1      | Reached XP level 3. HP: 29/29 MP: 3/3
   869 | D:2      | Noticed Terence
   877 | D:2      | Killed Terence
   878 | D:2      | Gained mutation: You are mostly covered in yellow scales.
                  | (AC +3) [demonic ancestry]
   878 | D:2      | Reached XP level 4. HP: 25/37 MP: 4/4
  1065 | D:2      | Noticed Sigmund
  1076 | D:2      | Killed Sigmund
  1077 | D:2      | Reached skill level 4 in Long Blades
  1077 | D:2      | Reached skill level 1 in Dodging
  1077 | D:2      | Reached XP level 5. HP: 26/42 MP: 5/5
  1077 | D:2      | Reached XP level 6. HP: 30/48 MP: 6/6
  1669 | D:3      | Found a snail-covered altar of Cheibriados.
  2257 | D:4      | Found a blossoming altar of Fedhas.
  2257 | D:4      | Found a shadowy altar of Dithmenos.
  2257 | D:4      | Found an ornate altar of the Wu Jian Council.
  2258 | D:4      | Found a basalt altar of Yredelemnul.
  2303 | D:4      | Found Loniysiy's General Store.
  2307 | D:4      | Found Iraumexoderr's Specific Store.
  2726 | D:4      | Gained mutation: You sometimes gain a little power by
                  | taking damage. [demonic ancestry]
  2726 | D:4      | Reached XP level 7. HP: 54/54 MP: 7/7
  3024 | D:5      | Entered Level 5 of the Dungeon
  3102 | D:5      | Identified the +2 robe "Hadahor" {rF++}
  3110 | D:5      | Found a staircase to the Ecumenical Temple.
  3117 | D:5      | Reached skill level 5 in Long Blades
  3121 | Temple   | Entered the Ecumenical Temple
  3368 | D:5      | Found a stormy altar of Qazlal.
  3678 | D:5      | Found a shimmering altar of Xom.
  3681 | D:5      | Noticed a fire bat
  3685 | D:5      | Reached skill level 6 in Long Blades
  3694 | D:5      | Killed a fire bat
  3695 | D:5      | Gained mutation: You sometimes gain power by taking damage.
                  | [demonic ancestry]
  3695 | D:5      | Reached XP level 8. HP: 38/60 MP: 8/8
  3819 | D:5      | Found Funueru's Vocational Training.
  4348 | D:6      | Reached skill level 1 in Stealth
  4387 | D:6      | Paralysed by an orc wizard for 3 turns
  4407 | D:6      | Reached skill level 7 in Long Blades
  4759 | D:6      | Reached skill level 5 in Fighting
  4759 | D:6      | Reached skill level 5 in Armour
  4885 | D:6      | Found an iron altar of Okawaru.
  4893 | D:6      | Became a worshipper of Warmaster Okawaru
  5085 | D:6      | Found a burning altar of Makhleb.
  5760 | D:7      | Found a hazy altar of Hepliaklqana.
  5851 | D:7      | Found a broken altar of Ashenzari.
  6103 | D:7      | Found an ancient bone altar of Kikubaaqudgha.
  6432 | D:6      | Reached XP level 9. HP: 60/68 MP: 9/9
  6607 | D:7      | Reached skill level 8 in Long Blades
  6801 | D:8      | Reached * piety under Okawaru
  6885 | D:8      | Found Himed's Assorted Antiques.
  7234 | D:8      | Identified the +1 rapier of the Eggplant {speed, rF+++
                  | Int+8 Stlth-}
  7446 | D:8      | Identified a scroll of acquirement
  7458 | D:8      | Identified the +1 sling of Ointment {freeze, rF+}
  7667 | D:8      | Noticed a deep elf pyromancer
  7679 | D:8      | Killed a deep elf pyromancer
  7739 | D:8      | Noticed a catoblepas
  7991 | D:9      | Found a staircase to the Lair.
  8317 | D:9      | Found a shimmering blue altar of Sif Muna.
  8489 | D:9      | Reached ** piety under Okawaru
  8570 | D:9      | Paralysed by a hornet for 2 turns
  8574 | D:9      | HP: 3/69 [hornet (7)]
  8578 | D:9      | Reached skill level 9 in Long Blades
  8895 | D:9      | Noticed a two-headed ogre
  8906 | D:9      | Slain by a two-headed ogre

Illustrated notes

Levels and vault maps discovered:
D:1:      lightli_arrival_farm, layout_rooms,
          shapermc_ecumenical_altar_totnotflames
D:2:      layout_rooms, cheibrodos_gnoll_hut, uniq_sigmund, uniq_terence
D:3:      layout_basic, mainiacjoe_overflow_small_starburst
D:4:      minmay_chambers_of_fours, layout_basic, grunt_temple_overflow_open,
          nicolae_specific_store, chequers_serial_rivers_small_a
D:5:      layout_loops_ring, amcnicky_altar_gilded, regret_index_xom_of_box,
          temple_green, nicolae_shop_vocational
D:6:      layout_layer_cave, kennysheep_okawaru_gauntlet,
          nicolae_overflow_crystal_walls, hangedman_decor_diamond_cutter
D:7:      layout_gridville, marbit_many_paths, lemuel_round_altar,
          ashenzari_conservatory_becter
D:8:      layout_loops_corners, nicolae_tso_carved_into_rock, serial_shops,
          shop, minmay_three_doors
D:9:      layout_gridville, nicolae_sif_muna_condensation, lair_entry_dummy
Temple:   pf_temple_reverse_labyrinth

Skill      XL: |  1  2  3  4  5  6  7  8  9 |
---------------+----------------------------+-----
Armour         | 3 4 5 7 |  7.2
Long Blades    | 2 4 6 7 9 |  9.0
Shields        | 3 4 |  4.9
Dodging        | 1 |  1.9
Fighting       | 4 5 6 |  6.2
Stealth        | 1 |  1.7

Action                     |  1- 3 |  4- 6 |  7- 9 || total
---------------------------+-------+-------+-------++-------
  Melee: Long sword        |   116 |   149 |   327 ||   592
         Tailslap          |    11 |    18 |    57 ||    86
    Use: Scroll            |     5 |     9 |    10 ||    24
         Potion            |       |     1 |     6 ||     7
 Armour: Scale mail        |   105 |    38 |       ||   143
         Plate armour      |       |    85 |   487 ||   572
  Dodge: Dodged            |    70 |    57 |   130 ||   257
  Block: Buckler           |    35 |    32 |   115 ||   182
